 Dungeon Crawl Stone Soup version 0.31-a0-986-g5e6e4ef867 (webtiles) character file.

Game seed: 16728377240083622158

161 sammy202020 the Ruffian (level 5, 0/39 HPs)
             Began as a Demonspawn Shapeshifter on Nov 11, 2023.
             Succumbed to a scorpion's poison
             ... on level 3 of the Dungeon.
             The game lasted 00:01:52 (1260 turns).

sammy202020 the Ruffian (Demonspawn Shapeshifter)   Turns: 1260, Time: 00:01:53

Health: 0/39       AC:  3    Str: 16    XL:     5   Next: 18%
Magic:  5/5        EV: 12    Int: 11    God:
Gold:   98         SH:  0    Dex: 13    Spells: 4/4 levels left

rFire   . .          .
                       - Unarmed
rCold   + + .        (no shield)
rNeg    . . .        a - +1 animal skin
rPois   +            (helmet currently unavailable)
rElec   +            (cloak currently unavailable)
rCorr   +            (gloves currently unavailable)
SInv    .            (boots currently unavailable)
Will    .....        (no amulet)
Stlth   +            i - ring of ice
HPRegen 0.26/turn    (no ring)
MPRegen 0.09/turn

%: no passive effects
@: lethally poisoned (0 -> -4), beast-form, resistant
A: beast (slay +1), hooves 1, demonic guardian 1
a: Begin Untransformation


You were on level 3 of the Dungeon.
You were a hulking beast.
You visited 1 branch of the dungeon, and saw 3 of its levels.

You collected 98 gold pieces.

Inventory:

Armour
 a - a +1 animal skin (worn)
 g - a +0 helmet
 m - a +2 pair of boots
Jewellery
 i - a ring of ice (left hand)
Talismans
 c - a beast talisman
 d - a flux talisman
Scrolls
 k - a scroll of brand weapon
 l - a scroll of enchant armour
Potions
 b - a potion of lignification


   Skills:
 * Level 2.7 Fighting
 + Level 1.3 Armour
 + Level 2.5 Dodging
 * Level 3.6 Unarmed Combat
 + Level 3.1 Shapeshifting


You had 4 spell levels left.
You didn't know any spells.
Your spell library contained the following spells:

 Spells                   Type           Power      Damage    Failure   Level
 Slow                     Hex            0%         N/A       34%         1
 Confusing Touch          Hex            0%         N/A       71%         3
 Sigil of Binding         Hex            0%         N/A       71%         3
 Vampiric Draining        Necr           0%         2d6       71%         3


Dungeon Overview and Level Annotations

Branches:
Dungeon (3/15)

Altars:


Innate Abilities, Weirdness & Mutations

You are a hulking beast.
Your limbs bulge with bestial killing power. (Slay +1)
You have large cloven feet.
A weak demonic guardian rushes to your aid.


Message History

You feel very sick. The scorpion misses you. The scorpion stings you.
You are more poisoned.
The scorpion poisons you!
You closely miss the scorpion.
The scorpion is severely wounded.
You feel very sick.
The goblin shouts!
The scorpion stings you.
You hit the scorpion but do no damage. You kick the scorpion.
You kill the scorpion!
You feel very sick.
You have reached level 5!
It was a potion of resistance.
You feel protected.
You feel very sick. The goblin hits you with a +0 dagger.
You miss the goblin.
* * * LOW HITPOINT WARNING * * *
You feel sick. The goblin hits you with a +0 dagger.
* * * LOW HITPOINT WARNING * * *
A demonic guardian appears!
You closely miss the goblin.
* * * LOW HITPOINT WARNING * * *
You feel sick. The goblin barely misses you.
You closely miss the goblin. Your kick misses the goblin.
You punch the goblin, but do no damage.
* * * LOW HITPOINT WARNING * * *
You feel sick.
Your white imp closely misses the goblin.
The goblin hits you with a +0 dagger.
* * * LOW HITPOINT WARNING * * *
Okay, then.
You hit the goblin.
You kill the goblin!
* * * LOW HITPOINT WARNING * * *
You feel sick.
Okay, then.
There is a lethal amount of poison in your body!
You die...

#########
##.......
#(.....#
#......#
#.#####......#
#..5h........#
#..#####.....#
#> #.....# #
#.....#
#..†..#
#.....#
###.###
#.########
#......(..


You could see a friendly white imp (summoned).

Vanquished Creatures
  A scorpion (D:3)
  A jelly (D:2)
  A gnoll (D:1)
  2 adders (D:2)
  3 dart slugs
  2 worms (D:2)
  An endoplasm (D:2)
  2 giant cockroaches (D:1)
  3 goblins
  2 hobgoblins
  A quokka (D:2)
  6 ball pythons
  4 bats
  A frilled lizard (D:3)
  7 kobolds
  A rat (D:1)
38 creatures vanquished.

Notes
Turn   | Place    | Note
-------+----------+-------------------------------------------
     0 | D:1      | sammy202020 the Demonspawn Shapeshifter began the quest for
                  | the Orb.
     0 | D:1      | Reached XP level 1. HP: 15/15 MP: 1/1
   136 | D:1      | Gained mutation: You have large cloven feet. [demonic
                  | ancestry]
   136 | D:1      | Reached XP level 2. HP: 21/21 MP: 2/2
   344 | D:1      | Gained mutation: A weak demonic guardian rushes to your
                  | aid. [demonic ancestry]
   344 | D:1      | Reached XP level 3. HP: 27/27 MP: 3/3
   876 | D:2      | Reached XP level 4. HP: 26/33 MP: 4/4
   911 | D:2      | Reached skill level 1 in Armour
  1240 | D:3      | Noticed a scorpion
  1254 | D:3      | Killed a scorpion
  1255 | D:3      | Reached XP level 5. HP: 17/39 MP: 5/5
  1260 | D:3      | Succumbed to a scorpion's poison

Illustrated notes

Levels and vault maps discovered:
D:1:      dpeg_arrival_arbitrary_b, layout_basic
D:2:      layout_rooms, serial_park_tiny_pond
D:3:      layout_basic, gammafunk_temple_overflow_elements, roderic_lattice_a,
          uniq_pargi

Skill      XL: |  1  2  3  4 |
---------------+-------------+-----
Unarmed Combat | 3 |  3.6
Dodging        | 2 |  2.5
Fighting       | 2 |  2.7
Armour         | 1 |  1.3
Shapeshifting  | 3 |  3.1

Action                     |  1- 3 |  4- 6 || total
---------------------------+-------+-------++-------
  Melee: Unarmed           |    91 |    25 ||   116
         Punch             |     1 |     1 ||     2
         Kick              |    21 |     7 ||    28
    Use: Scroll            |     4 |     3 ||     7
         Potion            |       |     2 ||     2
 Armour: Animal skin       |    42 |    16 ||    58
  Dodge: Dodged            |    50 |    13 ||    63

Table legend: (Time is in decaauts)
 A = Elapsed time spent in this place.
 B = Non-inter-level travel time spent in this place.
 C = Inter-level travel time spent in this place.
 D = Time resting spent in this place.
 E = Time spent auto-exploring this place.
 F = Levels seen in this place.
 G = Mean time per level.
                   A        B        C        D        E       F      G
               +--------+--------+--------+--------+--------+-----+--------+
         Total |   1253 |   1235 |     18 |    131 |    821 |   3 |  417.7 |
       Dungeon |   1253 |   1235 |     18 |    131 |    821 |   3 |  417.7 |
               +--------+--------+--------+--------+--------+-----+--------+

Top non-repeatable levels by time:
     D:2: 604 daAuts
     D:1: 580 daAuts
     D:3: 69 daAuts
